 Dungeon Crawl Stone Soup version 0.19.0-22-gd96e5fe (webtiles) character file.

4047 patrickswayze the Covert (level 10, -5/51 HPs)
             Began as a Deep Elf Chaos Knight on Nov 17, 2016.
             Slain by an ogre
             ... wielding a +0 giant club
              (13 damage)
             ... on level 7 of the Dungeon on Nov 18, 2016.
             The game lasted 00:32:06 (11056 turns).

patrickswayze the Covert (Deep Elf Chaos Knight)   Turns: 11056, Time: 00:32:07

Health: -5/51      AC: 13    Str:  9    XL:     10   Next: 4%
Magic:  0/14       EV: 12    Int: 22    God:    Xom [...*..]
Gold:   415        SH:  0    Dex: 17    Spells: 1 memorised, 7 levels left

rFire  + . .     SeeInvis .     a - +0 short sword (chaos)
rCold  . . .     Gourm    .     b - +2 leather armour
rNeg   . . .     Faith    .     (no shield)
rPois  .         Spirit   +     (no helmet)
rElec  +         Reflect  .     q - +0 cloak
rCorr  +         Harm     .     g - +0 pair of gloves
MR     +....                    v - +1 pair of boots
Stlth  ++++++....               l - amulet of guardian spirit
                                y - ring of wizardry
                                p - ring of resist corrosion

@: no status effects
A: claws 1, rugged brown scales 2, yellow scales 1, agile 1, clever 1, fire
resistance 1, frail 1, high mp 2, regeneration 1, electricity resistance, wild
magic 1, evolution 1
a: Renounce Religion


You were on level 7 of the Dungeon.
You worshipped Xom.
You were a favourite toy of Xom.
You were hungry.

You visited 1 branch of the dungeon, and saw 7 of its levels.
You also visited: Sewer and Ossuary.

You collected 415 gold pieces.


Innate Abilities, Weirdness & Mutations

You have sharp fingernails.
You are mostly covered in rugged brown scales. (AC +2, +5% HP)
You are partially covered in yellow scales. (AC +2)
You are agile. (Dex +2)
Your mind is acute. (Int +2)
Your flesh is heat resistant. (rF+)
You are frail. (-10% HP)
You have a considerably increased reservoir of magic. (+20% MP)
Your natural rate of healing is unusually fast.
You are resistant to electric shocks. (rElec)
Your spells are a little harder to cast, but a little more powerful.
You evolve.


   Skills:
 - Level 2.4 Fighting
 + Level 10.8 Short Blades
 - Level 0.7 Armour
 - Level 2.4 Dodging
 - Level 14.8 Stealth


You had 7 spell levels left.
You knew the following spells:

 Your Spells              Type           Power        Failure   Level  Hunger
a - Call Imp              Summ           #.......     19%         2    ###....

Inventory:

Hand Weapons
 a - a +0 short sword of chaos (weapon)
 m - a +0 rapier
Missiles
 e - 36 poisoned needles
 h - 5 curare-tipped needles
 j - 156 stones (quivered)
Armour
 b - a +2 leather armour (worn)
 g - a +0 pair of gloves (worn)
 q - a +0 cloak (worn)
 v - a +1 pair of boots (worn)
Jewellery
 l - an amulet of guardian spirit (around neck)
 p - a ring of resist corrosion (left hand)
 t - an uncursed ring of ice
 x - an uncursed amulet of the gourmand
 y - a ring of wizardry (right hand)
 D - an uncursed ring of flight
Wands
 B - a wand of flame (9/48)
Scrolls
 i - 3 scrolls of immolation
 n - a scroll of recharging
 u - 2 scrolls of amnesia
 z - 4 scrolls of teleportation
 I - a scroll of remove curse
Potions
 d - a potion of magic
 k - 2 potions of haste
 o - 2 potions of invisibility {unknown}
 r - 2 potions of heal wounds {unknown}
 s - a potion of might
 A - 3 potions of flight {unknown}
 C - a potion of curing
 E - 2 potions of lignification {unknown}
 G - a potion of agility
Books
 f - a book of Callings

   Spells                             Type                      Level
   a - Summon Small Mammal            Summoning                    1
   b - Call Imp                       Summoning                    2
   c - Call Canine Familiar           Summoning                    3
   d - Summon Guardian Golem          Hexes/Summoning              3
   e - Summon Lightning Spire         Summoning/Air                4
   f - Summon Ice Beast               Ice/Summoning                4
Comestibles
 c - 3 bread rations


Message History

The ogre is lightly wounded.
The ogre hits you but does no damage.
You hit the ogre.
The ogre is poisoned.
The ogre is moderately wounded.
The ogre misses you.
You hit the ogre.
The ogre is moderately wounded.
You completely miss the ogre.
The ogre is moderately wounded.
The ogre hits you with a giant club!!
Ouch! That really hurt!
You hit the ogre.
Space warps horribly around the ogre!
The ogre is severely wounded.
The ogre hits you with a giant club.
Unknown command.
The ogre hits you with a giant club!
* * * LOW HITPOINT WARNING * * *
Okay, then.
You feel better. The ogre hits you with a giant club!
You die...

#...# **#
###.####.#
##.#..#* #..#**
##.# #.# #### #.#
#..###.##
*#.@....#* *****
##O.####.#
******,,,**###.###
*##
*,,,,,,*,,,#..##
,,,,,,,*#....##
,**,,,**#....,**
,***,,**#....*,**
,* **,,*#...#**,**
,* *,,*#..#* **,**


You could see an ogre (berserk).

Vanquished Creatures
  A komodo dragon (D:7)
  Sigmund (D:3)
  2 ogres
  A phantom (D:7)
  A black bear (D:4)
  A necrophage (D:7)
  2 centaurs
  An elf zombie (Ossuary)
  5 bullfrogs
  Blork the orc (D:6)
  A scorpion (shapeshifter) (D:4)
  2 scorpions (D:5)
  5 killer bees (D:7)
  An electric eel (D:6)
  2 howler monkeys
  2 crimson imps (D:7)
  3 orc priests
  3 hounds
  2 iguanas
  Ijyb (D:2)
  8 orc wizards
  7 worker ants
  A killer bee zombie (D:5)
  A big kobold zombie (Ossuary)
  A hound zombie (Ossuary)
  A hound skeleton (D:7)
  4 mummies (Ossuary)
  A worker ant zombie (D:7)
  Robin (D:2)
  5 gnolls
  A howler monkey zombie (D:3)
  13 adders
  12 oozes
  An adder zombie (D:5)
  An adder skeleton (D:7)
  A worm (D:5)
  11 dart slugs
  13 leopard geckos
  32 orcs
  7 ball pythons
  10 bats
  8 giant cockroaches
  13 goblins
  6 hobgoblins
  3 jackals (D:5)
  A quokka (D:6)
  17 frilled lizards
  3 gnoll zombies (Ossuary)
  2 goblin zombies (Ossuary)
  4 kobolds
  2 kobold zombies (Ossuary)
  2 leopard gecko zombies (D:5)
  2 orc zombies (Ossuary)
  A quokka zombie (D:6)
  8 rats
242 creatures vanquished.

Vanquished Creatures (collateral kills)
  The ghost of Philosophy the Fighter, a novice HOFi of Okawaru (D:7)
  Grinder (D:5)
  An orc warrior (D:5)
  A black bear (D:7)
  An ogre (D:4)
  A crimson imp (D:7)
  A hound (D:7)
  An adder (D:5)
  A frilled lizard (D:5)
  A kobold (D:2)
10 creatures vanquished.

Vanquished Creatures (others)
  A bullfrog (D:6)
  A hound (D:7)
2 creatures vanquished.

Grand Total: 254 creatures vanquished

Notes
Turn   | Place    | Note
-------+----------+-------------------------------------------
     0 | D:1      | patrickswayze the Deep Elf Chaos Knight began the quest for the Orb.
     0 | D:1      | Reached XP level 1. HP: 13/13 MP: 3/3
   105 | D:1      | Reached skill level 1 in Stealth
   400 | D:1      | Reached skill level 2 in Stealth
   408 | D:1      | Reached XP level 2. HP: 7/18 MP: 4/4
   539 | D:1      | XOM: mild Air miscast
   917 | D:1      | Reached skill level 3 in Stealth
   999 | D:1      | XOM: mild Fire miscast
  1025 | D:1      | Found a sparkling altar of Nemelex Xobeh.
  1197 | D:2      | Noticed Robin
  1198 | D:2      | XOM: butterfly on damage
  1544 | D:2      | Reached XP level 3. HP: 16/22 MP: 5/5
  1629 | D:2      | XOM: 8-stop teleportation journey
  1660 | D:2      | Reached skill level 4 in Stealth
  1743 | D:2      | Killed Robin
  1748 | D:2      | XOM: harmless Hex miscast
  1761 | D:2      | Reached XP level 4. HP: 22/27 MP: 6/6
  1781 | D:2      | Reached skill level 5 in Stealth
  1977 | D:2      | Noticed Ijyb
  2041 | D:2      | Killed Ijyb
  2257 | D:3      | Noticed Kenran's ghost (amateur NaTm)
  2257 | D:3      | XOM: silly message
  2545 | D:3      | XOM: cast spell 'Cause Fear'
  2552 | D:3      | Reached skill level 6 in Stealth
  2653 | D:3      | Noticed Sigmund
  2662 | D:3      | Reached skill level 14 in Stealth
  2662 | D:3      | Reached XP level 5. HP: 31/31 MP: 7/7
  2667 | D:3      | XOM: smoke on damage
  2668 | D:3      | HP: 6/31 [something (8)]
  2678 | D:3      | Killed Sigmund
  2678 | D:3      | Reached XP level 6. HP: 18/36 MP: 8/8
  2704 | D:3      | XOM: harmless Divn miscast
  3610 | D:4      | XOM: butterfly on damage
  3880 | D:4      | XOM: butterfly on damage
  4045 | D:4      | XOM: potion effect (invisibility)
  4056 | D:4      | Reached XP level 7. HP: 38/40 MP: 9/9
  4166 | D:4      | XOM: give mutation
  4166 | D:4      | Gained mutation: You have an increased reservoir of magic. (+10% MP) [Xom's grace]
  4328 | D:4      | XOM: summons 7 friendly demons
  4376 | D:4      | XOM: harmless Tmut miscast
  4470 | D:3      | XOM: harmless Pois miscast
  4564 | D:4      | XOM: swap monsters
  4565 | D:4      | Noticed a fire bat
  4565 | D:4      | XOM: chaos upgrade
  4572 | D:4      | XOM: medium Air miscast
  4575 | D:4      | a fire bat changed into a warg
  4576 | D:4      | Noticed a blink frog
  4576 | D:4      | an ogre changed into a blink frog
  4576 | D:4      | XOM: polymorph ogre -> blink frog
  4586 | D:4      | XOM: noise
  4589 | D:4      | XOM: swap monsters
  4592 | D:4      | Noticed a wyvern
  4592 | D:4      | a warg changed into a wyvern
  4594 | D:4      | XOM: confusion
  4600 | D:4      | XOM: scenery: create altars
  4610 | D:5      | Entered Level 5 of the Dungeon
  4610 | D:5      | Noticed Grinder
  4617 | D:5      | Paralysed by something for 2 turns
  4832 | D:5      | Found a hazy altar of Hepliaklqana.
  4835 | D:5      | Found a shimmering altar of Xom.
  4836 | D:5      | Noticed a spectral ugly thing
  4846 | D:5      | Found a burning altar of Makhleb.
  4852 | D:5      | Reached skill level 6 in Short Blades
  4939 | D:5      | Reached XP level 8. HP: 45/45 MP: 10/10
  4966 | D:5      | XOM: 7-stop teleportation journey
  4986 | D:5      | XOM: noise
  5039 | D:5      | Found a glowing drain.
  5046 | Sewer    | Entered a sewer
  5562 | Sewer    | XOM: enchant monster (bad)
  5632 | Sewer    | XOM: cast spell 'Spider Form'
  5648 | Sewer    | XOM: cast spell 'Summon Butterflies'
  5649 | Sewer    | XOM: enchant monster (bad)
  5673 | Sewer    | Learned a level 2 spell: Call Imp
  5757 | D:5      | XOM: noise
  5887 | D:5      | XOM: summons friendly iron imp
  5892 | D:5      | Killed Grinder
  6013 | D:5      | Found a white marble altar of Elyvilon.
  6018 | D:5      | XOM: give mutation
  6018 | D:5      | Gained mutation: You evolve. [Xom's mischief]
  6533 | D:4      | XOM: noise
  6539 | D:4      | XOM: potion effect (berserk rage)
  6790 | D:4      | XOM: divination: detect items
  6820 | D:4      | XOM: scenery: create altars
  6847 | D:4      | HP: 6/45 [blink frog (8)]
  6849 | D:4      | XOM: confuse monster(s)
  7389 | D:6      | XOM: give mutations
  7389 | D:6      | Gained mutation: You are partially covered in rugged brown scales. (AC +1, +3% HP) [Xom's grace]
  7389 | D:6      | Gained mutation: You are partially covered in yellow scales. (AC +2) [Xom's grace]
  7593 | D:6      | Found a stormy altar of Qazlal.
  7611 | D:6      | HP: 7/46 [ogre/giant spiked club (20)]
  7751 | D:6      | Gained mutation: Your flesh is heat resistant. (rF+) [evolution]
  7895 | D:6      | Noticed Blork the orc
  7904 | D:6      | Killed Blork the orc
  7904 | D:6      | Reached XP level 9. HP: 47/50 MP: 9/11
  8017 | D:6      | XOM: god gift: potion of haste
  8090 | D:6      | Upgraded the game from 0.19.0-20-gbc5f0c6 to 0.19.0-22-gd96e5fe
  8101 | D:6      | XOM: polymorph dart slug -> orc
  8105 | D:6      | XOM: god gift: 10 stones
  8108 | D:6      | XOM: give mutation
  8108 | D:6      | Gained mutation: Your body sometimes deteriorates upon taking damage. [Xom's mischief]
  8151 | D:6      | XOM: give mutation
  8151 | D:6      | Gained mutation: You are mostly covered in rugged brown scales. (AC +2, +5% HP) [Xom's mischief]
  8257 | D:5      | XOM: polymorph orc -> quokka
  8273 | D:5      | XOM: fog
  8283 | D:5      | XOM: polymorph quokka -> frilled lizard
  8585 | D:6      | XOM: give mutations
  8585 | D:6      | Gained mutation: You are resistant to electric shocks. (rElec) [Xom's grace]
  8585 | D:6      | Gained mutation: You are agile. (Dex +2) [Xom's grace]
  8585 | D:6      | Gained mutation: You have a pair of small horns on your head. [Xom's grace]
  8675 | D:6      | XOM: give mutations
  8675 | D:6      | Gained mutation: Your natural rate of healing is unusually fast. [Xom's grace]
  8675 | D:6      | Gained mutation: Your mind is acute. (Int +2) [Xom's grace]
  8675 | D:6      | Gained mutation: You have sharp fingernails. [Xom's grace]
  8784 | D:6      | XOM: scenery: create altars
  8950 | D:6      | Reached skill level 9 in Short Blades
  9023 | D:5      | XOM: scenery: create altars
  9148 | D:7      | Noticed a komodo dragon
  9148 | D:7      | a hippogriff changed into a komodo dragon
  9148 | D:7      | XOM: polymorph hippogriff -> komodo dragon
  9158 | D:7      | Killed a komodo dragon
  9200 | D:7      | XOM: mild Air miscast
  9201 | D:7      | XOM: divination: magic mapping
  9247 | D:7      | Noticed Philosophy's ghost (novice HOFi)
  9320 | D:7      | Found a sand-covered staircase.
  9320 | D:7      | XOM: butterfly on damage
  9323 | D:7      | XOM: summons friendly iron imp
  9324 | D:7      | XOM: confuse monster(s)
  9326 | Ossuary  | Entered an ossuary
  9594 | D:7      | XOM: enchant monster (good)
  9605 | D:7      | XOM: enchant monster (good)
  9609 | D:7      | XOM: cast spell 'Disjunction'
  9665 | D:7      | XOM: potion effect (brilliance)
  9675 | D:7      | XOM: cleaving
  9720 | D:7      | XOM: confuse monster(s)
  9723 | D:7      | XOM: cast spell 'Cause Fear'
  9759 | D:7      | XOM: cast spell 'Call Canine Familiar'
  9775 | D:7      | XOM: summons 8 friendly demons
  9783 | D:7      | HP: 9/48 [Philosophy's ghost (14)]
  9786 | D:7      | XOM: god gift: scroll labeled UHE LUGUIT {god gift}
  9787 | D:7      | XOM: cleaving
  9807 | D:7      | XOM: divination: detect items
  9815 | D:7      | XOM: cast spell 'Summon Dragon'
  9820 | D:7      | Killed Philosophy's ghost
 10197 | D:7      | XOM: polymorph killer bee -> adder
 10242 | D:7      | Reached XP level 10. HP: 19/53 MP: 7/13
 10445 | D:7      | XOM: cast spell 'Confusing Touch'
 10563 | D:7      | Noticed a hill giant
 10597 | D:7      | XOM: medium Tmut miscast
 10646 | D:6      | XOM: give mutations
 10646 | D:6      | Gained mutation: You are frail. (-10% HP) [Xom's mischief]
 10646 | D:6      | Gained mutation: Your spells are a little harder to cast, but a little more powerful. [Xom's mischief]
 10646 | D:6      | Lost mutation: Your body sometimes deteriorates upon taking damage. [Xom's mischief]
 10646 | D:6      | Lost mutation: You have a pair of small horns on your head. [Xom's mischief]
 10786 | D:7      | Gained mutation: You have a considerably increased reservoir of magic. (+20% MP) [evolution]
 11055 | D:7      | HP: 5/48 [ogre/giant club (11)]
 11056 | D:7      | Slain by an ogre

Vault maps used:
D:1:      eino_arrival_druids_welcome, nemelex_diamond_rough_becter
D:2:      uniq_iyjb, uniq_robin
D:3:      first_bread, serial_aquarium, aquarium_bridge_square,
          aquarium_bridge_long_separate, aquarium_window_2, aquarium_window_3,
          aquarium_view_2c, aquarium_balcony_5b, uniq_sigmund
D:5:      regret_index_temple_of_mockery, bloody_makhleb, elyvilon_altar_3,
          lightli_sewer_entry_pipes, uniq_grinder
D:6:      kennysheep_slugbush, nicolae_qazlal_general_emergency,
          uniq_blork_the_orc
D:7:      nicolae_ossuary_entry_plus
Sewer:    sewer_frog_island_02
Ossuary:  ossuary_minmay_tomb_2a

Action                   |  1- 3 |  4- 6 |  7- 9 | 10-12 || total
-------------------------+-------+-------+-------+-------++-------
Melee: Short sword       |    95 |   138 |   731 |    63 ||  1027
       Unarmed           |       |       |    13 |       ||    13
       Headbutt          |       |       |    49 |     5 ||    54
Throw: Stone             |       |     1 |     3 |     1 ||     5
 Cast: Call Imp          |       |       |     5 |       ||     5
Evoke: Wand              |       |       |     4 |       ||     4
  Use: Scroll            |     2 |     7 |     6 |     7 ||    22
       Potion            |       |     7 |     4 |     1 ||    12
 Stab: Sleeping          |    10 |     8 |    44 |       ||    62
       Confused          |       |     1 |     2 |       ||     3
       Invisible         |       |     1 |       |       ||     1
       Paralysed         |       |       |     5 |     1 ||     6
       Distracted        |       |       |     3 |     3 ||     6
       Petrifying        |       |       |     1 |     1 ||     2
       Petrified         |       |       |     2 |       ||     2
  Eat: Chunk             |     3 |     5 |    10 |     1 ||    19
       Meat ration       |       |     1 |     1 |       ||     2
       Bread ration      |       |       |     1 |       ||     1
Armor: Leather armour    |    28 |    40 |   250 |    22 ||   340
       Skin              |       |       |     1 |       ||     1
Dodge: Dodged            |    50 |    65 |   329 |    18 ||   462
